 Dungeon Crawl Stone Soup version 0.27.0-1-g7a089689b8 (webtiles) character file.

Game seed: 13316099879706068252

28894 Smaepdii the Nimble (level 13, -5/106 HPs)
             Began as a Merfolk Gladiator on Aug 11, 2021.
             Was a High Priest of Sif Muna.
             Hit by a javelin thrown by a minotaur (28 damage)
             ... in a Gauntlet.
             The game lasted 01:17:11 (21496 turns).

Smaepdii the Nimble (Merfolk Gladiator)            Turns: 21496, Time: 01:17:12

Health: -5/106     AC: 11    Str: 18      XL:     13   Next: 41%
Magic:  5/13       EV: 23    Int: 14 (16) God:    Sif Muna [*****.]
Gold:   1114       SH:  5    Dex: 16      Spells: 2/12 levels left

rFire    + + .     SeeInvis .   g - +10 flail of the Unspeakable One {pain, Drain rF+ Str+3 Int+5}
rCold    . . .     Faith    +   t - +0 buckler
rNeg     . . .     Spirit   .   y - +3 leather armour {rF+}
rPois    .         Reflect  .   K - +2 helmet
rElec    .         Harm     .   (no cloak)
rCorr    .         Rampage  .   i - +1 pair of gloves
Will     .....     NoTele   +   (no boots)
Stlth    +.........             r - amulet of faith
HPRegen  0.27/turn              h - +4 ring of evasion
MPRegen  0.13/turn              j - ring of wizardry

@: swift (expiring), very quick
A: (nimble swimmer 2), mertail
a: Renounce Religion, Channel Magic, Forget Spell, Divine Exegesis


You were in a Gauntlet.
You worshipped Sif Muna.
Sif Muna was extremely pleased with you.
You visited 3 branches of the dungeon, and saw 15 of its levels.
You also visited: Gauntlet.

You collected 1114 gold pieces.

Inventory:

Hand Weapons
 f - a +2 trident of flaming
 g - the +10 flail of the Unspeakable One (weapon) {pain, Drain rF+ Str+3 Int+5}
   (You found it on level 7 of the Dungeon)

   In the hands of one skilled in necromantic magic, it inflicts extra damage on
   living creatures.
   Str:       It affects your strength (+3).
   Int:       It affects your intelligence (+5).
   rF:        It protects you from fire.
   Drain:     It drains your maximum health when unequipped.
 P - the +3 quarterstaff of the Forgotten Xenops {antimagic, Fragile Int+5}
   (You found it in a Gauntlet)

   It reduces the magical energy of the wielder, and disrupts the spells and
   magical abilities of those it strikes.
   Natural abilities and divine invocations are not affected.
   Int:       It affects your intelligence (+5).
   Fragile:   It will be destroyed if unequipped.
Missiles
 d - 4 throwing nets
 C - 52 poisoned darts (quivered)
Armour
 i - a +1 pair of gloves (worn)
 o - a +2 robe of positive energy
 t - a +0 buckler (worn)
 y - a +3 leather armour of fire resistance (worn)
 K - a +2 helmet (worn)
Magical Staves
 x - a staff of fire
 z - a staff of poison
 N - a staff of air
Jewellery
 c - a ring of flight
 h - a +4 ring of evasion (left hand)
 j - a ring of wizardry (right hand)
 l - a +6 ring of intelligence
 p - a ring of wizardry
 r - an amulet of faith (around neck)
 F - a +6 ring of intelligence
 J - an amulet of reflection
 L - a ring of positive energy
 Q - a ring of fire
Wands
 n - a wand of iceblast (8)
 v - a wand of acid (6)
 D - a wand of paralysis (1)
 G - a wand of flame (23)
 M - a wand of digging (5)
Scrolls
 e - a scroll of fear
 m - a scroll of holy word
 u - 4 scrolls of teleportation
 w - 3 scrolls of amnesia
 A - 2 scrolls of noise
 E - a scroll of enchant weapon
Potions
 a - a potion of lignification
 b - 2 potions of cancellation
 k - a potion of flight
 q - a potion of invisibility {unknown}
 s - 4 potions of magic
 B - a potion of brilliance {unknown}
 H - 2 potions of mutation {unknown}
 I - a potion of might {unknown}


   Skills:
 + Level 11.3 Fighting
 * Level 10.0 Maces & Flails
 - Level 12.6 Polearms
 - Level 2.1 Throwing
 + Level 13.4 Dodging
 - Level 4.0 Shields
 + Level 6.9 Necromancy


You had 2 spell levels left.
You knew the following spells:

 Your Spells              Type           Power      Damage    Failure   Level
a - Vampiric Draining     Necr           9%         2d7       2%          3
b - Passwall              Tmut/Erth      0%         N/A       21%         2
c - Swiftness             Air            0%         N/A       38%         3
d - Pain                  Necr           76%        1d7       1%          1
e - Apportation           Tloc           0%         N/A       14%         1

Your spell library contained the following spells:

 Spells                   Type           Power      Damage    Failure   Level
 Animate Skeleton         Necr           38%        N/A       1%          1
 Freeze                   Ice            0%         1d3       14%         1
 Shock                    Conj/Air       0%         1d3       14%         1
 Summon Small Mammal      Summ           0%         N/A       14%         1
 Searing Ray              Conj           0%         3d3       21%         2
 Call Canine Familiar     Summ           0%         N/A       38%         3
 Frozen Ramparts          Ice            0%         1d2       38%         3
 Gell's Gravitas          Tloc           0%         N/A       38%         3
 Summon Guardian Golem    Hex/Summ       0%         N/A       38%         3
 Teleport Other           Tloc           0%         N/A       38%         3
 Tukima's Dance           Hex            0%         N/A       38%         3
 Hailstorm                Conj/Ice       0%         3d3       77%         4
 Ice Form                 Ice/Tmut       0%         N/A       77%         4
 Passage of Golubria      Tloc           N/A        N/A       77%         4
 Sticky Flame             Conj/Fire      0%         2d3       77%         4
 Summon Ice Beast         Ice/Summ       0%         N/A       77%         4
 Manifold Assault         Tloc           0%         N/A       97%         5
 Yara's Violent Unravell  Hex/Tmut       0%         3d3       97%         5
 Invisibility             Hex            0%         N/A       100%        6
 Haunt                    Necr/Summ      4%         N/A       100%        7


Dungeon Overview and Level Annotations

Branches:
Dungeon (11/15)            Temple (1/1) D:4            Lair (3/6) D:10
    Orc (0/2) D:9         Gauntlet (1/1)
  Swamp: Lair:2-4    Shoals: Lair:2-4     Snake: Lair:2-4    Spider: Lair:2-4

Altars:
Ashenzari
Cheibriados
Dithmenos
Elyvilon
Fedhas
Gozag
Hepliaklqana
Kikubaaqudgha
Makhleb
Nemelex Xobeh
Okawaru
Qazlal
Ru
Sif Muna
Trog
Uskayaw
Vehumet
Wu Jian
Xom
Yredelemnul
Zin
The Shining One

Annotations:
D:10 3 runed translucent doors, quinnr's ghost, novice VSDe Gauntlet 8 transporters, 1 runed translucent door


Innate Abilities, Weirdness & Mutations

((You are quick and stealthy near water. (Stealth+, EV+, Speed+++)))
Your lower body shifts to a powerful aquatic tail in water.


Message History

The minotaur gores you.
You hit the minotaur.
The minotaur writhes in agony.
The minotaur is lightly wounded.
The minotaur hits you with the +8 dagger "Guixt" {vorpal, Fly rC- MP+9 Str+8}!!
The minotaur closely misses you.
You hit the minotaur but do no damage.
The minotaur writhes in agony.
The minotaur is lightly wounded.
The minotaur hits you but does no damage.
The minotaur gores you!
You feel much better.
The minotaur hits you but does no damage.
The minotaur closely misses you.
Casting: Vampiric Draining (mildly dangerous; 2% risk of failure)
Confirm with . or Enter, or press ? or * to list all spells.
Aiming: Vampiric Draining (mildly dangerous; 2% risk of failure)
Press: ? - help, Shift-Dir - straight line, f - minotaur
Aim: a minotaur, wielding the +8 dagger "Guixt" {vorpal, Fly rC- MP+9 Str+8}, wearing a +0 plate armour, wearing the ring of the Mage {Wiz Will++ Int+3} and quivering javelins (lightly wounded)
You draw life force from the minotaur.
You feel life coursing into your body.
The minotaur hits you with the +8 dagger "Guixt" {vorpal, Fly rC- MP+9 Str+8}!
The minotaur gores you!
Casting: Vampiric Draining (mildly dangerous; 2% risk of failure)
Confirm with . or Enter, or press ? or * to list all spells.
Aiming: Vampiric Draining (mildly dangerous; 2% risk of failure)
Press: ? - help, Shift-Dir - straight line, f/p - minotaur
Aim: a minotaur, wielding the +8 dagger "Guixt" {vorpal, Fly rC- MP+9 Str+8}, wearing a +0 plate armour, wearing the ring of the Mage {Wiz Will++ Int+3} and quivering javelins (lightly wounded)
You draw life force from the minotaur!
You feel life coursing into your body.
The minotaur hits you with the +8 dagger "Guixt" {vorpal, Fly rC- MP+9 Str+8}!
The minotaur gores you!
* * * LOW HITPOINT WARNING * * *
Okay, then.
Press: ? - help, v - describe, . - travel
Here: a minotaur, wielding the +8 dagger "Guixt" {vorpal, Fly rC- MP+9 Str+8}, wearing a +0 plate armour, wearing the ring of the Mage {Wiz Will++ Int+3} and quivering javelins (moderately wounded)
The floor.
Casting: Vampiric Draining (mildly dangerous; 2% risk of failure)
Confirm with . or Enter, or press ? or * to list all spells.
You feel quick. The minotaur misses you. The minotaur closely misses you.
The minotaur throws a javelin.
The javelin completely misses you.
You start to feel a little slower.
The minotaur throws a javelin.
The javelin pierces through you!!
You die...

###8.#8.8#.8### #....#...#....
#.#..#8.8#..# #.#..##'##..#.#
#.............# #.#H##.#.##.#.#
#.#....#....#.#
###.#.#######.#.###
#...@.............
#.♣.♣.©.©.©.©.♣.♣.#
#................. ## ### ###
################# ###
≈###≈###≈###≈###...........###≈##
≈≈#≈≈≈#≈≈≈#≈≈≈#..♣P.....P♣..#≈≈≈#
≈...............P....∩...PP......
#.P♣P..♣..P♣...♣...........♣P.P♣P
≈................................


You could see a minotaur.

Vanquished Creatures
  A hydra (Lair:1)
  A boulder beetle (Lair:1)
  Harold (Lair:1)
  Erica (D:8)
  3 two-headed ogres
  A centaur warrior (D:10)
  A soul eater (Gauntlet)
  A glowing orange brain (Gauntlet)
  An ugly thing (Gauntlet)
  8 cane toads
  2 black mambas (Lair:2)
  Maggie (D:8)
  A gargoyle (D:10)
  4 komodo dragons
  An unseen horror (D:11)
  A kobold demonologist (D:11)
  6 trolls
  A raiju (Gauntlet)
  5 blink frogs (Lair:2)
  Prince Ribbit (D:5)
  A wraith (D:9)
  3 wyverns
  2 shadows (D:11)
  4 steam dragons
  A basilisk (D:11)
  29 yaks
  Eustachio (D:5)
  Grum (D:8)
  2 vampire mosquitoes (D:9)
  Menkaure (D:4)
  9 water moccasins
  A swamp drake (D:9)
  2 black bears
  3 orc warriors (D:9)
  4 sky beasts (D:7)
  17 wolves
  3 ogres
  3 centaurs
  4 necrophages
  2 phantoms
  3 kobold brigands
  9 bullfrogs
  6 scorpions
  A water moccasin skeleton (D:4)
  9 killer bees (D:9)
  8 wights (D:7)
  6 howler monkeys
  6 electric eels
  3 crimson imps (D:10)
  3 centaur zombies
  A bullfrog zombie (D:5)
  7 hounds
  7 orc priests
  A gnoll shaman (D:9)
  3 jellies
  Jessica (D:2)
  2 centaur skeletons
  3 iguanas
  6 orc wizards
  A mummy (D:6)
  Robin (D:4)
  4 adders
  4 gnolls (D:9)
  3 shadow imps
  4 white imps (D:10)
  2 ufetubi
  3 worms
  A dart slug (D:4)
  44 orcs
  7 ball pythons
  3 bats (D:1)
  4 endoplasms
  4 giant cockroaches
  16 goblins
  11 hobgoblins
  3 jackals
  21 kobolds
  2 quokkas
  A frilled lizard (D:1)
  5 rats
364 creatures vanquished.

Vanquished Creatures (collateral kills)
  An iguana (D:4)
1 creature vanquished.

Vanquished Creatures (others)
  A shadow imp (D:10)
  A white imp (D:7)
  10 fungi
  49 plants
61 creatures vanquished.

Grand Total: 426 creatures vanquished

Notes
Turn   | Place    | Note
-------+----------+-------------------------------------------
     0 | D:1      | Smaepdii the Merfolk Gladiator began the quest for the Orb.
     0 | D:1      | Reached XP level 1. HP: 16/16 MP: 1/1
    78 | D:1      | Reached XP level 2. HP: 20/23 MP: 2/2
   325 | D:1      | Reached skill level 5 in Polearms
   504 | D:1      | Reached XP level 3. HP: 28/28 MP: 3/3
   771 | D:2      | Found a faded altar of an unknown god.
   790 | D:2      | Became a worshipper of Sif Muna the Loreminder
   790 | D:2      | Reached * piety under Sif Muna
   954 | D:2      | Noticed Jessica
  1034 | D:2      | Killed Jessica
  1035 | D:2      | Reached XP level 4. HP: 34/34 MP: 4/4
  1959 | D:3      | Reached skill level 5 in Dodging
  1959 | D:3      | Reached XP level 5. HP: 10/41 MP: 5/5
  2871 | D:4      | Found a stormy altar of Qazlal.
  2985 | D:4      | Reached ** piety under Sif Muna
  3138 | D:4      | Found a staircase to the Ecumenical Temple.
  3418 | D:4      | Reached XP level 6. HP: 23/48 MP: 6/6
  3610 | D:4      | Noticed Menkaure
  3619 | D:4      | Killed Menkaure
  3667 | D:4      | Reached skill level 6 in Dodging
  3722 | D:4      | Noticed a necrophage
  3739 | D:4      | Killed a necrophage
  3740 | D:4      | Reached XP level 7. HP: 55/55 MP: 7/7
  4089 | D:4      | Noticed Robin
  4106 | D:4      | Killed Robin
  4132 | D:4      | Reached skill level 5 in Fighting
  4181 | D:4      | Reached *** piety under Sif Muna
  4240 | D:5      | Entered Level 5 of the Dungeon
  4357 | D:5      | Reached skill level 7 in Dodging
  4357 | D:5      | Reached XP level 8. HP: 53/62 MP: 8/8
  4362 | D:5      | Reached skill level 10 in Polearms
  4439 | D:5      | Noticed Eustachio
  4479 | D:5      | Killed Eustachio
  4882 | D:5      | Reached skill level 1 in Shields
  5005 | D:5      | Found a basalt altar of Yredelemnul.
  5005 | D:5      | Found an iron altar of Okawaru.
  5041 | D:5      | Reached skill level 8 in Dodging
  5050 | D:5      | Found a shimmering altar of Xom.
  5071 | D:5      | Noticed Prince Ribbit
  5088 | D:5      | Killed Prince Ribbit
  5089 | D:5      | Reached XP level 9. HP: 70/70 MP: 9/9
  5303 | D:6      | Found a shadowy altar of Dithmenos.
  5769 | D:6      | Identified the +3 short sword of Indomitability {elec,
                  | Will++ rCorr Str+3 Int-4}
  6543 | Temple   | Entered the Ecumenical Temple
  6771 | D:7      | Identified the +10 flail of the Unspeakable One {pain,
                  | Drain rF+ Str+3 Int+5}
  6857 | D:7      | Reached skill level 9 in Dodging
  6924 | D:7      | Reached skill level 1 in Maces & Flails
  6983 | D:7      | Reached **** piety under Sif Muna
  7038 | D:7      | Learned a level 3 spell: Vampiric Draining
  7072 | D:7      | Noticed a troll
  7086 | D:7      | Killed a troll
  7087 | D:7      | Reached skill level 1 in Necromancy
  7469 | D:7      | Reached XP level 10. HP: 50/79 MP: 10/10
  8081 | D:8      | Noticed Grum
  8081 | D:8      | Noticed Erica
  8744 | D:7      | Reached skill level 10 in Dodging
  8759 | D:8      | Killed Grum
  8974 | D:8      | Reached ***** piety under Sif Muna
  9012 | D:8      | HP: 1/80 [rock wall collision (13)]
  9020 | D:8      | Killed Erica
  9318 | D:8      | Noticed Maggie
  9331 | D:8      | Killed Maggie
  9332 | D:8      | Reached skill level 5 in Maces & Flails
  9485 | D:8      | Learned a level 2 spell: Passwall
  9489 | D:8      | Learned a level 3 spell: Swiftness
  9615 | D:9      | Reached XP level 11. HP: 87/87 MP: 11/11
  9652 | D:9      | Found a glowing silver altar of Zin.
  9719 | D:9      | Received a gift from Sif Muna
  9755 | D:9      | Found a blossoming altar of Fedhas.
 10088 | D:9      | Noticed a two-headed ogre
 10105 | D:9      | HP: 3/86 [two-headed ogre (17)]
 10107 | D:9      | Killed a two-headed ogre
 10697 | D:9      | Found a staircase to the Orcish Mines.
 11036 | D:9      | Reached skill level 11 in Dodging
 11364 | D:9      | Received a gift from Sif Muna
 11367 | D:9      | Got Oruw's Almanac of Battle Magic and Necromancy {god
                  | gift}
 11376 | D:9      | Got Sif Muna's Papyrus of the Voyage
 11443 | D:10     | Entered Level 10 of the Dungeon
 11446 | D:10     | Noticed a centaur warrior
 11463 | D:10     | Killed a centaur warrior
 11720 | D:10     | Found a runed translucent gate.
 11720 | D:10     | Found a runed translucent gate.
 11720 | D:10     | Found a runed translucent gate.
 11720 | D:10     | Noticed quinnr's ghost (novice VSDe)
 11840 | D:10     | Found a hazy altar of Hepliaklqana.
 11842 | D:10     | Found a sacrificial altar of Ru.
 11866 | D:10     | Found a bloodstained altar of Trog.
 12869 | D:10     | Found a staircase to the Lair.
 12876 | D:10     | HP: 2/89 [electric eel/bolt of electricity (9)]
 13668 | D:10     | Learned a level 1 spell: Pain
 14662 | D:10     | Reached skill level 5 in Necromancy
 14798 | D:10     | Found a shimmering blue altar of Sif Muna.
 15050 | D:10     | Learned a level 1 spell: Apportation
 15293 | D:10     | Reached XP level 12. HP: 74/97 MP: 12/12
 15387 | D:11     | Noticed a two-headed ogre
 15399 | D:11     | Killed a two-headed ogre
 15425 | D:11     | Reached skill level 10 in Fighting
 15531 | D:11     | Reached skill level 12 in Dodging
 15670 | D:11     | Noticed a two-headed ogre
 15689 | D:11     | Killed a two-headed ogre
 16482 | Lair:1   | Entered Level 1 of the Lair of Beasts
 16976 | Lair:1   | Noticed Harold
 16994 | Lair:1   | Killed Harold
 17019 | Lair:1   | Noticed a five-headed hydra
 17316 | Lair:1   | Killed a five-headed hydra
 18419 | Lair:1   | Found an ornate altar of the Wu Jian Council.
 18419 | Lair:1   | Found a hide-covered altar of Uskayaw.
 18419 | Lair:1   | Noticed a boulder beetle
 18427 | Lair:1   | Killed a boulder beetle
 18428 | Lair:1   | Reached XP level 13. HP: 85/105 MP: 13/13
 18525 | Lair:1   | Reached skill level 13 in Dodging
 20503 | Lair:3   | Received a gift from Sif Muna
 20581 | Lair:3   | Found a gate leading to a gauntlet.
 20590 | Gauntlet | Entered a Gauntlet
 20590 | Gauntlet | Found a transporter.
 20590 | Gauntlet | Found a runed translucent door.
 20591 | Gauntlet | Found a runed translucent door.
 20593 | Gauntlet | Found a transporter.
 20595 | Gauntlet | Found a transporter.
 20609 | Gauntlet | Found a transporter.
 20619 | Gauntlet | Found a transporter.
 20622 | Gauntlet | Found a transporter.
 20631 | Gauntlet | Found a transporter.
 20653 | Gauntlet | Found a transporter.
 20664 | Gauntlet | Found a transporter.
 20669 | Gauntlet | Noticed a blizzard demon
 20675 | Gauntlet | Found a transporter.
 20694 | Gauntlet | Found a transporter.
 20753 | Gauntlet | Found a transporter.
 20772 | Gauntlet | Found a transporter.
 20772 | Gauntlet | Found a transporter.
 21320 | Gauntlet | Reached skill level 10 in Maces & Flails
 21446 | Gauntlet | Identified the +3 quarterstaff of the Forgotten Xenops
                  | {antimagic, Fragile Int+5}
 21476 | Gauntlet | Identified the +8 dagger "Guixt" {vorpal, Fly rC- MP+9
                  | Str+8}
 21476 | Gauntlet | Noticed a minotaur
 21496 | Gauntlet | Hit by a javelin thrown by a minotaur

Illustrated notes

Levels and vault maps discovered:
D:1:      dpeg_arrival_rooms_b, layout_basic
D:2:      layout_rooms, dreamdust_ecumenical_altar_angels_and_demons,
          serial_co_window_serial, co_window_corner_a, co_window_corner_a,
          co_window_paths_a, co_window_paths_a, co_window_paths_b,
          co_window_corner_cb, co_window_corner_b, co_window_corner_b,
          co_window_corner_cb, co_window_of_opportunity_c, co_window_4corner_a,
          glass_columns_c, glass_columns_b, chequers_serial_rivers_micro_d,
          uniq_jessica
D:3:      layout_basic, chequers_serial_rivers_room_b
D:4:      minmay_skewed_foursquare, layout_loops_ring, lemuel_crystal_altar,
          uniq_robin, uniq_menkaure
D:5:      layout_loops_ring, gammafunk_temple_overflow_claw, uniq_eustachio,
          uniq_prince_ribbit1
D:6:      layout_basic, overflow_temple_1_default, gup_ossuary_entry_pyramid,
          minmay_tree_intersection
D:7:      layout_cave_pods, hangedman_misty_isle
D:8:      layout_rooms, uniq_maggie, uniq_erica, uniq_grum
D:9:      layout_roguey, mainiacjoe_overflow_surrounded_room,
          mainiacjoe_overflow_24_doors, erik_orc_1
D:10:     layout_long_grid, grunt_temple_overflow_open,
          mainiacjoe_overflow_boulevard, erik_lair_island,
          gammafunk_ghost_nasty_kobolds, minmay_nine_imps
D:11:     layout_small_grid
Temple:   jpeg_temple_clearing
Lair:1:   layout_gridlike, nzn_masters_of_martial_movement, lemuel_fruit_tree,
          serial_bayou_shore_a, grunt_megastairs_3, uniq_harold
Lair:2:   layout_cave_pods
Lair:3:   layout_gridlike, elwin_shoals_entry_rooms, gauntlet_entry_generic,
          infiniplex_staircase_pool
Gauntlet: minmay_gauntlet_77_tree [minmay_gauntlet_arena_77_shame_cube,
          minmay_gauntlet_arena_77_two_lines, minmay_gauntlet_arena_77_fan,
          minmay_gauntlet_arena_77_box, minmay_gauntlet_arena_77_mirror,
          minmay_gauntlet_arena_77_tiled_triplets,
          minmay_gauntlet_arena_77_broken_ladder,
          nicolae_gauntlet_exit_dead_adventurers]

Skill      XL: |  1  2  3  4  5  6  7  8  9 10 11 12 13 |
---------------+----------------------------------------+-----
Polearms       | 5 6 7 8 9 11 12 | 12.6
Fighting       | 3 4 5 6 7 8 9 10 11 | 11.3
Dodging        | 5 6 7 8 9 10 11 12 13 | 13.4
Shields        | 2 3 4 |  4.0
Maces & Flails | 2 5 7 9 10 | 10.0
Necromancy     | 1 3 5 6 |  6.9
Throwing       | |  2.1

Action                   |  1- 3 |  4- 6 |  7- 9 | 10-12 | 13-15 || total
-------------------------+-------+-------+-------+-------+-------++-------
Melee: Trident           |    83 |   184 |   336 |       |       ||   603
       Flail             |       |       |    53 |   641 |   147 ||   841
       Tailslap          |       |       |       |     2 |       ||     2
Throw: Stone             |    64 |     9 |    52 |       |       ||   125
       Dart              |       |       |       |    29 |    57 ||    86
       Throwing net      |       |       |       |     1 |       ||     1
 Cast: Pain              |       |       |       |    25 |       ||    25
       Vampiric Draining |       |       |       |    12 |     2 ||    14
       Swiftness         |       |       |       |       |     1 ||     1
Evoke: Wand              |       |       |       |     6 |     3 ||     9
  Use: Scroll            |       |     3 |     5 |    11 |       ||    19
       Potion            |       |       |       |    11 |     1 ||    12
 Stab: Distracted        |       |       |     1 |       |       ||     1
       Paralysed         |       |       |       |     8 |       ||     8
Armor: Leather armour    |     5 |       |    10 |   172 |    15 ||   202
       Ring mail         |    10 |    21 |    48 |       |       ||    79
Dodge: Dodged            |    54 |    98 |   240 |   738 |   128 ||  1258
Block: Buckler           |       |       |    42 |   193 |    25 ||   260
